 Dungeon Crawl Stone Soup version 0.24-a0-91-g4e4936a (webtiles) character file.

Game seed: 6442200806662578541

183 Volvagia the Slasher (level 5, -2/47 HPs)
             Began as a Minotaur Monk on Feb 8, 2019.
             Killed from afar by an orc wizard (12 damage)
             ... with a puff of frost
             ... on level 4 of the Dungeon.
             The game lasted 00:08:26 (2148 turns).

Volvagia the Slasher (Minotaur Monk)                Turns: 2148, Time: 00:08:26

Health: -2/47      AC:  2    Str: 15 (17) XL:     5   Next: 35%
Magic:  4/4        EV: 13    Int:  6 (7)  God:
Gold:   118        SH:  0    Dex:  9 (12) Spells: 4/4 levels left

rFire    . . .     SeeInvis .   a - +1 falchion
rCold    . . .     Gourm    .   (no shield)
rNeg     . . .     Faith    .   h - +0 robe
rPois    .         Spirit   .   (helmet restricted)
rElec    .         Reflect  .   (no cloak)
rCorr    +         Harm     .   (no gloves)
MR       .....                  (no boots)
Stlth    ++........             (no amulet)
HPRegen  0.15/turn              p - ring of resist corrosion
MPRegen  0.09/turn              f - ring of wizardry

@: no status effects
A: retaliatory headbutt, horns 2
a: no special abilities


You were on level 4 of the Dungeon.
You were not hungry.

You visited 1 branch of the dungeon, and saw 4 of its levels.

You collected 118 gold pieces.

Inventory:

Hand Weapons
 a - a +1 falchion (weapon)
Armour
 b - a +0 robe
 h - a +0 robe (worn)
Jewellery
 f - a ring of wizardry (right hand)
 p - a ring of resist corrosion (left hand)
Wands
 l - a wand of digging (6)
Scrolls
 d - 6 scrolls of identify
 k - 3 scrolls of remove curse
 m - a scroll of enchant weapon
Comestibles
 c - 4 rations


   Skills:
 + Level 4.6 Fighting
 + Level 5.4 Long Blades
 + Level 4.3 Dodging
 + Level 2.3 Stealth


You had 4 spell levels left.
You didn't know any spells.
Your spell library was empty.

Dungeon Overview and Level Annotations

Branches:
Dungeon (4/15)
 Temple: D:4-7

Altars:
Makhleb
Okawaru
Trog
Yredelemnul
The Shining One

Annotations:
D:3 Sigmund
D:4 Menkaure


Innate Abilities, Weirdness & Mutations

You reflexively headbutt those who attack you in melee.
You have a pair of horns on your head.


Message History

You kill the iguana!
The jackal barely misses you. The jackal closely misses you.
The orc wizard hits you with a +0 dagger.
* * * LOW HITPOINT WARNING * * *
You barely miss the orc wizard. Your headbutt misses the orc wizard.
The jackal bites you.
* * * LOW HITPOINT WARNING * * *
The jackal barely misses you. The jackal misses you.
The orc wizard hits you with a +0 dagger.
* * * LOW HITPOINT WARNING * * *
The orc barely misses you.
You riposte.
You hit the orc.
You kill the orc!
The jackal misses you. The orc wizard closely misses you.
You riposte.
You closely miss the orc wizard. The jackal bites you.
* * * LOW HITPOINT WARNING * * *
The jackal barely misses you.
You feel better.
The orc wizard gestures at you while chanting.
The puff of frost hits you!
You die...

.. .#.. ... ##
##. ... .# ....
###.## .##..#
##...§§##l#...#
#....§oo#.....
#..(.§o@#..##...
...._§hhh§.....#
#....§§M#§.....#
#.......#..#####
##.....##..#
###.## ..# ...
..# #### ..# ###


You could see Menkaure, 2 orc wizards, an orc and 3 jackals.

Vanquished Creatures
  A jelly (D:3)
  An iguana (D:4)
  2 gnolls (D:2)
  3 adders
  A worm (D:2)
  3 dart slugs
  2 leopard geckos
  An orc (D:4)
  6 bats
  3 giant cockroaches
  4 goblins
  16 hobgoblins
  4 jackals (D:2)
  A quokka (D:4)
  2 ball pythons
  4 frilled lizards
  9 kobolds
  6 rats
69 creatures vanquished.

Notes
Turn   | Place    | Note
-------+----------+-------------------------------------------
     0 | D:1      | Volvagia the Minotaur Monk began the quest for the Orb.
     0 | D:1      | Reached XP level 1. HP: 19/19 MP: 0/0
   173 | D:1      | Reached XP level 2. HP: 27/27 MP: 1/1
   236 | D:1      | Reached skill level 4 in Long Blades
   401 | D:1      | Reached XP level 3. HP: 32/33 MP: 2/2
   744 | D:2      | Found an iron altar of Okawaru.
   757 | D:2      | Found a bloodstained altar of Trog.
   849 | D:2      | Found a glowing golden altar of the Shining One.
   900 | D:2      | Reached XP level 4. HP: 17/40 MP: 3/3
  1406 | D:3      | Found a burning altar of Makhleb.
  1608 | D:3      | Found an iron altar of Okawaru.
  1618 | D:3      | Reached skill level 5 in Long Blades
  1659 | D:3      | Reached XP level 5. HP: 37/47 MP: 4/4
  2117 | D:3      | Noticed Sigmund
  2136 | D:4      | Found a basalt altar of Yredelemnul.
  2136 | D:4      | Noticed Menkaure
  2148 | D:4      | Killed from afar by an orc wizard

Levels and vault maps discovered:
D:1:      wander_arrival_chamber, layout_basic, corexii_corridor_pit
D:2:      layout_rooms, amethyst_overflow_temple_binary,
          nicolae_tso_carved_into_rock, kennysheep_pointless_box,
          minmay_misc_feat_enclosed
D:3:      layout_basic, nicolae_overflow_crystal_walls, okawaru_trees_1,
          uniq_sigmund
D:4:      layout_rooms, elyvilon_altar_5, minitemple, old_standard_altar,
          uniq_menkaure

Skill      XL: |  1  2  3  4 |
---------------+-------------+-----
Fighting       | 4 |  4.6
Long Blades    | 4 5 |  5.4
Dodging        | 4 |  4.3
Stealth        | 2 |  2.3

Action                   |  1- 3 |  4- 6 || total
-------------------------+-------+-------++-------
Melee: Falchion          |    72 |    52 ||   124
       Headbutt          |    13 |    15 ||    28
  Use: Scroll            |     1 |     6 ||     7
       Potion            |       |    10 ||    10
 Stab: Sleeping          |     3 |     2 ||     5
       Distracted        |       |     1 ||     1
  Eat: Ration            |       |     2 ||     2
Armor: Robe              |    10 |     8 ||    18
Dodge: Dodged            |    59 |    49 ||   108
       Rpst.: Falchion   |    21 |    13 ||    34

Table legend:
 A = Non-vault XP
 B = Vault XP
 C = Vault XP percentage of total XP
 D = Non-vault monster count
 E = Vault monster count
 F = Vault count percentage of total count
                 A         B        C        D         E       F
            +---------+---------+-------+---------+---------+-------
      Total |     262 |       0 |   0.0 |      69 |       0 |   0.0
            +---------+---------+-------+---------+---------+-------
        D:1 |      45 |       0 |   0.0 |      26 |       0 |   0.0
        D:2 |      94 |       0 |   0.0 |      21 |       0 |   0.0
        D:3 |      83 |       0 |   0.0 |      19 |       0 |   0.0
        D:4 |      40 |       0 |   0.0 |       3 |       0 |   0.0
            +---------+---------+-------+---------+---------+-------
